 Dungeon Crawl Stone Soup version 0.17-a0-1850-g688e747 (webtiles) character file.

30 mcbry74 the Magician (level 3, 0/19 HPs)
             Began as a Deep Elf Wizard on Sept 18, 2015.
             Succumbed to an adder's poison
             ... on level 2 of the Dungeon.
             The game lasted 00:17:27 (1567 turns).

mcbry74 the Magician (Deep Elf Wizard)              Turns: 1567, Time: 00:17:27

Health: 0/19       AC:  2    Str:  4    XL:     3   Next: 3%
Magic:  9/12       EV: 13    Int: 23    God:
Gold:   149        SH:  0    Dex: 13    Spells: 4 memorised, 6 levels left

rFire  . . .     SeeInvis .     l - +3 short sword
rCold  . . .     Clarity  .     a - +0 robe
rNeg   . . .     SustAt   .     (no shield)
rPois  .         Gourm    .     b - +0 hat
rElec  .         Spirit   .     (no cloak)
rCorr  .         Warding  .     (no gloves)
rMut   .         Stasis   .     (no boots)
MR     .....                    (no amulet)
Stlth  ++........               (no ring)
                                (no ring)

@: lethally poisoned (0 -> -13), not resistant to hostile enchantments,
unstealthy
A: no striking features
a: no special abilities


You were on level 2 of the Dungeon.
You were hungry.

You visited 1 branch of the dungeon, and saw 2 of its levels.

You collected 149 gold pieces.

Inventory:

Hand weapons
 e - a cursed +0 club
 f - a +0 dagger
 l - a +3 short sword (weapon)
Armour
 a - a +0 robe (worn)
 b - a +0 hat (worn)
Scrolls
 g - a scroll of blinking {unknown}
 h - a scroll of fog {unknown}
 j - a scroll of identify {unknown}
 n - a scroll of teleportation {unknown}
Potions
 k - 2 potions of mutation {unknown}
 m - a potion of flight {unknown}
 o - a potion of might {unknown}
 p - a potion of lignification {unknown}
Books
 c - a book of Minor Magic

   Spells                             Type                      Level
   a - Magic Dart                     Conjuration                  1
   b - Blink                          Translocation                2
   c - Call Imp                       Summoning                    2
   d - Repel Missiles                 Charms/Air                   2
   e - Slow                           Hexes                        2
   f - Conjure Flame                  Conjuration/Fire             3
   g - Mephitic Cloud                 Conjuration/Poison/Air       3
Comestibles
 d - 2 bread rations
 i - 2 slices of pizza


   Skills:
 + Level 2.7 Dodging
 + Level 2.5 Stealth
 + Level 5.5 Spellcasting
 + Level 1.4 Conjurations
 + Level 1.1 Summonings
 + Level 1.1 Translocations


You had 6 spell levels left.
You knew the following spells:

 Your Spells              Type           Power        Failure   Level  Hunger
a - Magic Dart            Conj           ##..         6%          1    None
b - Blink                 Tloc           N/A          12%         2    None
c - Call Imp              Summ           ##......     12%         2    None
d - Repel Missiles        Chrm/Air       #.....       17%         2    None


Dungeon Overview and Level Annotations

Branches:
Dungeon (2/15)

Altars:


Message History

You feel sick. The adder barely misses you.
Casting: Call Imp
Confirm with . or Enter, or press ? or * to list all spells.
Aiming: Magic Dart
Press: ? - help, Shift-Dir - straight line, f/p - adder
Aim: an adder (moderately wounded)
The magic dart hits the adder.
The adder is heavily wounded.
* * * LOW HITPOINT WARNING * * *
You feel sick. The adder bites you.
* * * LOW HITPOINT WARNING * * *
Your crimson imp hits the adder.
Casting: Magic Dart
Confirm with . or Enter, or press ? or * to list all spells.
Aiming: Magic Dart
Press: ? - help, Shift-Dir - straight line, f/p - adder
Aim: an adder (heavily wounded)
The magic dart hits the adder.
The adder is almost dead.
You die...

.#..#.#
###.......
#........#
#.######..
#.# #.#
#.#
#####5#
#..@S.#
###.###
#.#
###.###
#.....#
#####.# .#
#.# .# #.#
)### #.#
###...


You could see an adder and a friendly crimson imp.

Vanquished Creatures
  7 bats (D:1)
  3 hobgoblins
  4 jackals (D:1)
  4 kobolds (D:1)
  2 giant cockroaches (D:1)
  2 giant newts (D:1)
  2 goblins (D:1)
  A rat (D:1)
25 creatures vanquished.

Vanquished Creatures (collateral kills)
  A giant gecko (D:2)
  A hobgoblin (D:2)
  A giant newt (D:2)
  A goblin (D:2)
  A kobold (D:2)
5 creatures vanquished.

Grand Total: 30 creatures vanquished

Notes
Turn   | Place    | Note
--------------------------------------------------------------
     0 | D:1      | mcbry74 the Deep Elf Wizard began the quest for the Orb.
     0 | D:1      | Reached XP level 1. HP: 10/10 MP: 7/7
   400 | D:1      | Reached XP level 2. HP: 7/15 MP: 1/9
   512 | D:1      | Reached skill level 5 in Spellcasting
  1093 | D:2      | Learned a level 2 spell: Blink
  1096 | D:2      | Learned a level 2 spell: Call Imp
  1099 | D:2      | Learned a level 2 spell: Repel Missiles
  1343 | D:2      | Reached XP level 3. HP: 19/19 MP: 7/12
  1567 | D:2      | Succumbed to an adder's poison

Vault maps used:
D:1:      saegor_arrival_simple_b, st_stairs_9
D:2:      first_bread, supply_closet_lemuel

Action                   || total
-------------------------++-------
Melee: Short sword       ||     6
 Cast: Magic Dart        ||    58
       Call Imp          ||     9
       Blink             ||     1
  Eat: Chunk             ||     1
